AoeStats
← mobaran

Black Forest

504222910Analyzed
3v3 RM · 28d ago on Sep 4, 2026· 95m 21s· 6 players
Game mode
Random Map
Map size
Normal (6 player)
Population
200
Speed
Normal
Resources
Standard
Victory
Conquest
Starting age
Dark Age
Ending age
Imperial Age
RankedLock teamsTeams togetherTeam positionsShared explorationLock speedFull tech treeHidden civsTurbo modeCheats
Victory
Defeat
🇦🇹 Goths · Austria
808
+12
🇦🇹 Malians · Austria
782
+13
🇦🇹 Hindustanis · Austria
746
+15
🇨🇳 Byzantines · China
736
-14
🇹🇷 Teutons · Türkiye
721
-13
🇮🇩 Jurchens · Indonesia
701
-13
Miyu.
11:30 Feudal Age
11:59 Horse Collar
12:09 Double-Bit Axe
12:19 Gold Mining
16:57 Wheelbarrow
18:21 Stone Mining
18:48 Forging
18:48 Scale Barding Armor
18:35 Fletching
23:53 Castle Age
23:29 Padded Archer Armor
23:30 Scale Mail Armor
24:57 Bow Saw
24:51 Heavy Plow
25:34 Hand Cart
25:42 Gambesons
25:59 Squires
28:27 Gold Shaft Mining
31:54 Chain Barding Armor
32:10 Iron Casting
31:32 Bodkin Arrow
31:52 Leather Archer Armor
32:24 Treadmill Crane
33:05 Ballistics
33:55 Stone Shaft Mining
33:09 Arson
35:35 Murder Holes
39:17 Imperial Age
37:46 Siege Engineers
39:02 Caravan
40:28 Conscription
41:38 Coinage
41:18 Guilds
42:24 Chemistry
42:30 Thunderclap Bombs
46:03 Bracer
47:04 Blast Furnace
46:35 Ring Archer Armor
48:35 Elite Iron Pagoda
51:48 Banking
52:14 Heavy Rocket Cart
74:17 Chain Mail Armor
74:39 Plate Barding Armor
mobaran
1:07 Loom
5:48 Loom
13:17 Feudal Age
14:12 Double-Bit Axe
14:36 Horse Collar
23:54 Castle Age
22:20 Stone Mining
22:21 Gold Mining
25:40 Heavy Plow
25:53 Bow Saw
27:12 Scale Barding Armor
27:18 Forging
27:55 Stone Shaft Mining
29:22 Bloodlines
30:11 Fortified Wall
32:26 Ballistics
32:35 Chain Barding Armor
32:50 Iron Casting
39:55 Imperial Age
41:24 Conscription
40:39 Cavalier
42:35 Plate Barding Armor
43:53 Elite Teutonic Knight
47:32 Blast Furnace
46:20 Arrowslits
49:04 Crop Rotation
49:38 Two-Man Saw
49:07 Paladin
49:57 Caravan
50:28 Coinage
51:56 Wheelbarrow
51:06 Town Watch
52:22 Banking
52:02 Guilds
58:31 Scale Mail Armor
61:39 Hand Cart
61:24 Town Patrol
63:48 Chain Mail Armor
66:48 Plate Mail Armor
70:05 Squires
69:25 Pikeman
70:32 Halberdier
伐木王
0:42 Loom
15:15 Feudal Age
16:10 Double-Bit Axe
16:09 Horse Collar
17:27 Gold Mining
21:36 Castle Age
21:14 Stone Mining
24:20 Gold Shaft Mining
23:57 Bow Saw
23:51 Heavy Plow
25:02 Treadmill Crane
30:35 Stone Shaft Mining
34:05 Imperial Age
32:13 Wheelbarrow
34:31 Hand Cart
35:58 Scale Barding Armor
36:03 Forging
35:26 Elite Cataphract
38:28 Chemistry
37:40 Fortified Wall
37:51 Ballistics
37:52 Caravan
39:22 Two-Man Saw
39:17 Conscription
40:33 Logistica
43:39 Chain Barding Armor
43:55 Iron Casting
45:21 Plate Barding Armor
59:06 Husbandry
71:41 Elite Skirmisher
75:29 Padded Archer Armor
75:20 Fletching
82:25 Pikeman
83:06 Squires
82:52 Arson
83:21 Thumb Ring
83:49 Leather Archer Armor
83:29 Bodkin Arrow
83:11 Halberdier
Michi2006
0:35 Loom
13:02 Feudal Age
14:08 Gold Mining
14:43 Stone Mining
14:37 Horse Collar
14:49 Double-Bit Axe
15:38 Town Watch
18:30 Wheelbarrow
22:52 Castle Age
23:53 Hand Cart
24:25 Bow Saw
24:25 Scale Barding Armor
24:31 Forging
24:12 Fletching
27:26 Heavy Plow
31:23 Masonry
31:09 Murder Holes
31:39 Chain Barding Armor
31:56 Iron Casting
32:20 Ballistics
32:37 Husbandry
32:48 Bloodlines
33:12 Grand Trunk Road
35:08 Gold Shaft Mining
35:09 Stone Shaft Mining
35:10 Bodkin Arrow
35:47 Caravan
36:22 Fortified Wall
39:57 Imperial Age
38:42 Coinage
38:20 Scale Mail Armor
40:28 Chain Mail Armor
42:06 Hoardings
41:52 Conscription
41:01 Heavy Camel Rider
41:45 Bracer
42:33 Plate Barding Armor
43:02 Blast Furnace
41:52 Arson
42:12 Squires
41:56 Pikeman
44:32 Two-Man Saw
43:23 Imperial Camel Rider
47:46 Siege Engineers
47:32 Elite Ghulam
50:14 Elite Skirmisher
50:17 Crossbowman
51:03 Thumb Ring
51:04 Padded Archer Armor
52:06 Heavy Cavalry Archer
53:54 Leather Archer Armor
54:46 Coinage
59:33 Banking
60:30 Ring Archer Armor
82:44 Town Patrol
87:08 Shatagni
87:36 Sanctity
87:16 Devotion
87:42 Illumination
87:32 Block Printing
87:28 Fervor
87:14 Herbal Medicine
87:55 Theocracy
87:30 Redemption
87:13 Guard Tower
88:24 Chemistry
87:35 Clinker Construction
88:13 Careening
87:33 Light Cavalry
87:41 Man-at-Arms
88:43 Long Swordsman
89:52 Carvel Hull
90:00 Faith
89:34 Two-Handed Swordsman
90:06 Champion
90:24 Elite Skirmisher
91:20 Hussar
94:22 Spies/Treason
elke
1:15 Loom
12:37 Feudal Age
12:55 Man-at-Arms
14:50 Double-Bit Axe
15:00 Fletching
16:04 Stone Mining
16:05 Gold Mining
18:15 Wheelbarrow
24:59 Castle Age
24:35 Padded Archer Armor
24:35 Horse Collar
25:33 Crossbowman
26:34 Thumb Ring
27:24 Bow Saw
34:47 Imperial Age
32:42 Pikeman
33:23 Squires
34:13 Tigui
35:33 Hand Cart
35:41 Ballistics
36:46 Murder Holes
38:27 Town Watch
40:07 Conscription
40:02 Scale Mail Armor
40:15 Forging
41:41 Chain Mail Armor
44:16 Plate Mail Armor
43:41 Bodkin Arrow
47:38 Arbalester
47:54 Elite Skirmisher
48:12 Onager
51:14 Leather Archer Armor
52:18 Chemistry
52:32 Caravan
55:16 Town Patrol
56:13 Elite Gbeto
58:51 Iron Casting
58:19 Farimba
60:46 Scale Barding Armor
63:16 Husbandry
63:09 Cavalier
64:01 Bloodlines
63:11 Light Cavalry
64:15 Chain Barding Armor
67:03 Plate Barding Armor
70:49 Masonry
84:04 Heavy Plow
94:55 Spies/Treason
michael.aichinger
0:40 Loom
11:28 Feudal Age
12:30 Horse Collar
12:42 Double-Bit Axe
19:52 Castle Age
18:29 Stone Mining
18:52 Gold Mining
20:45 Bow Saw
22:47 Stone Shaft Mining
22:19 Heavy Plow
22:08 Pikeman
22:49 Squires
25:56 Wheelbarrow
29:42 Crossbowman
33:02 Imperial Age
31:04 Scale Mail Armor
31:33 Forging
31:07 Man-at-Arms
32:37 Ballistics
32:49 Anarchy
32:49 Town Watch
33:30 Hand Cart
35:03 Two-Man Saw
33:52 Halberdier
35:22 Iron Casting
35:29 Conscription
36:39 Crop Rotation
36:31 Chain Mail Armor
37:17 Blast Furnace
35:45 Long Swordsman
36:54 Perfusion
39:35 Chemistry
39:52 Elite Huskarl
43:05 Two-Handed Swordsman
47:29 Onager
85:11 Champion
Connection lost

Rejoining the realm…

Still unreachable

The connection could not be restored.

Session expired

The server has moved on; the page needs a fresh start.